 Dungeon Crawl Stone Soup version 0.30.0-3-ga4e48a9924 (webtiles) character file.

Game seed: 12991911904439151535

198 Irreverend the Magician (level 6, -9/43 HPs)
             Began as a Djinni Conjurer on May 8, 2023.
             Killed by nerve-wracking pain
             ... invoked by Grinder
              (14 damage)
             ... on level 3 of the Dungeon.
             The game lasted 00:07:08 (2034 turns).

Irreverend the Magician (Djinni Conjurer)           Turns: 2034, Time: 00:07:09

Health: -9/43      AC:  2    Str:  6    XL:     6   Next: 6%
Gold:   56         EV: 13    Int: 21    God:
                   SH:  0    Dex: 12

rFire   + + .        (no weapon)
rCold   x . .        (no shield)
rNeg    . . .        a - +0 robe
rPois   ∞            (no helmet)
rElec   .            (no cloak)
rCorr   .            (no gloves)
SInv    .            (boots unavailable)
Will    +....        (no amulet)
Stlth   ++           d - ring of wizardry
HPRegen 0.27/turn    b - ring of willpower
MPRegen 0.00/turn

%: wizardry (x1), infuse magic (-10 HP)
@: flying
A: sickness immunity, fire resistance 2, cold vulnerability 1, float, innate
caster, HP casting, extra vitality 1
a: no special abilities


You were on level 3 of the Dungeon.
You visited 1 branch of the dungeon, and saw 3 of its levels.

You collected 56 gold pieces.

Inventory:

Missiles
 r - a throwing net
Armour
 a - a +0 robe (worn)
Jewellery
 b - a ring of willpower (right hand)
 d - a ring of wizardry (left hand)
Wands
 p - a wand of flame (17)
Scrolls
 c - a scroll of butterflies {unknown}
 e - 2 scrolls of identify {unknown}
 g - 2 scrolls of poison {unknown}
 j - a scroll of acquirement {unknown}
 k - a scroll of amnesia {unknown}
 l - a scroll of fear {unknown}
 o - 2 scrolls of teleportation {unknown}
Potions
 f - a potion of haste {unknown}
 h - 2 potions of attraction {unknown}
 i - 3 potions of curing {unknown}
 m - 2 potions of lignification {unknown}
 n - a potion of degeneration {unknown}
 q - 2 potions of heal wounds


   Skills:
 + Level 2.2 Fighting
 + Level 3.7 Dodging
 - Level 1.9 Stealth
 * Level 4.3 Spellcasting


You knew the following spells:

 Your Spells              Type           Power      Damage    Failure   Level
a - Magic Dart            Conj           88%        1d7       1%          1
b - Searing Ray           Conj           44%        2d6       1%          2
c - Dazzling Flash        Conj/Hex       44%        N/A       2%          3
d - Fulminant Prism       Conj/Hex       11%        3d9       8%          4
e - Iskenderun's Mystic   Conj/Tloc      22%        2d6       8%          4
f - Foxfire               Conj/Fire      88%        2x1d8     1%          1
g - Ensorcelled Hibernat  Hex/Ice        44%        N/A       1%          2
Your spell library was empty.

Dungeon Overview and Level Annotations

Branches:
Dungeon (3/15)

Altars:

Annotations:
D:3 Grinder


Innate Abilities, Weirdness & Mutations

You are immune to sickness and miasma.
You are immune to poison.
Your flesh is very heat resistant. (rF++)
You are vulnerable to cold. (rC-)
You float through the air rather than walking.
You learn spells naturally, not from books.
Your magical power is your life essence.
You have superior vitality. (+4 MHP)


Message History

You finish channelling your searing ray.
Grinder hits you. Grinder hits you.
You writhe in agony.
Grinder blinks!
Casting: Searing Ray (safe; 1% risk of failure)
Confirm with . or Enter, or press ? or * to list all spells.
Aiming: Searing Ray (safe; 1% risk of failure)
Press: ? - help, Shift-Dir - straight line, f - ball python
Aim: a ball python (75% to hit)
The searing ray misses the ball python. (Press . to maintain the ray.)
The searing ray hits the ball python.
You kill the ball python!
* * * LOW HITPOINT WARNING * * *
Casting: Searing Ray (safe; 1% risk of failure)
Confirm with . or Enter, or press ? or * to list all spells.
Aiming: Fulminant Prism (quite dangerous; 8% risk of failure)
Press: ? - help, Dir - move target You conjure a prism of explosive energy!
* * * LOW HITPOINT WARNING * * *
A fulminant prism comes into view.
Grinder says, "You look like you could use a good racking."
Grinder blinks!
Your fulminant prism crackles loudly.
Your fulminant prism explodes!
You hear a shout! x2
Grinder gestures at you. You resist with some effort.
Grinder blinks!
Grinder barely misses you. Grinder attacks as you move away! Grinder hits you.
* * * LOW HITPOINT WARNING * * *
You writhe in agony.
* * * LOW HITPOINT WARNING * * *
Grinder gestures at you. You resist with almost no effort.
Grinder says, "You look like you could use a good racking."
Grinder gestures at you. Pain shoots through your body!
You die...

#### # #..# #
############.<#
#..
#........#....#
##l
#.######.#....#
.o. #.#
#....<.###.) #.###
###....# #.# #.@.#
#.†..# ..# ###.#
###..##.## #.#
#..# #.
##5########.## ##.
#...........# #..
#..#############..
#..# #.....##...
#..# #.######...
#..# ###.# #...#


You could see Grinder.

Vanquished Creatures
  Jessica (D:3)
  Natasha (thrice) (D:2)
  3 adders
  A worm (D:2)
  3 dart slugs
  2 orcs (D:3)
  7 ball pythons
  5 endoplasms
  2 giant cockroaches
  8 goblins
  7 hobgoblins
  4 jackals (D:3)
  A kobold (D:2)
  A quokka (D:1)
  4 bats
  2 frilled lizards
  4 rats
58 creatures vanquished.

Vanquished Creatures (others)
  2 foxfires (D:2)
  15 fulminant prisms
17 creatures vanquished.

Grand Total: 75 creatures vanquished

Notes
Turn   | Place    | Note
-------+----------+-------------------------------------------
     0 | D:1      | Irreverend the Djinni Conjurer began the quest for the Orb.
     0 | D:1      | Irreverend set off with the following spells memorised:
                  | Magic Dart, Searing Ray, Dazzling Flash, Fulminant Prism,
                  | Iskenderun's Mystic Blast.
     0 | D:1      | Reached XP level 1. HP: 15/15 MP: 0/0
    61 | D:1      | Reached XP level 2. HP: 15/21 MP: 0/0
   288 | D:1      | Reached XP level 3. HP: 25/26 MP: 0/0
   288 | D:1      | Learned a level 1 spell: Foxfire
   661 | D:2      | Reached skill level 1 in Fighting
   737 | D:2      | Noticed Natasha
   743 | D:2      | Killed Natasha
   744 | D:2      | Reached XP level 4. HP: 19/32 MP: 0/0
   928 | D:2      | Noticed Natasha
   935 | D:2      | Killed Natasha
   997 | D:2      | Reached XP level 5. HP: 34/37 MP: 0/0
   997 | D:2      | Learned a level 2 spell: Ensorcelled Hibernation
  1147 | D:2      | Reached skill level 4 in Spellcasting
  1422 | D:2      | Noticed Natasha
  1427 | D:2      | Killed Natasha
  1615 | D:3      | Noticed Jessica
  1618 | D:3      | Killed Jessica
  1765 | D:3      | Reached XP level 6. HP: 33/43 MP: 0/0
  1970 | D:3      | Found a faded altar of an unknown god.
  1976 | D:3      | Noticed Grinder
  2034 | D:3      | Killed from afar by Grinder

Illustrated notes

Levels and vault maps discovered:
D:1:      dpeg_arrival_rooms_a, layout_rooms
D:2:      layout_basic, uniq_natasha
D:3:      minmay_razor_zed, layout_loops_ring, ebering_ghost_gozag,
          dreamdust_ecumenical_altar_angels_and_demons, uniq_grinder,
          uniq_jessica

Skill      XL: |  1  2  3  4  5 |
---------------+----------------+-----
Fighting       | 1 2 |  2.2
Dodging        | 3 |  3.7
Spellcasting   | 4 |  4.3
Stealth        | |  1.9

Action                     |  1- 3 |  4- 6 || total
---------------------------+-------+-------++-------
   Cast: Magic Dart        |    47 |    32 ||    79
         Searing Ray       |     3 |     8 ||    11
         Dazzling Flash    |     1 |       ||     1
         Foxfire           |     1 |       ||     1
         Fulminant Prism   |       |    15 ||    15
  Dodge: Dodged            |     4 |     1 ||     5
